 Dungeon Sprint DCSS version 0.32-a0-450-g080537f31e (webtiles) character file.

Game seed: 211643054295186562

3000000 adelrune the Plane Walker (level 19, -4/132 HPs)
             Began as a Spriggan Warper on Feb 23, 2024.
             Was the Champion of Makhleb.
             Slain by a destroyer
             ... wielding a +9 heavy great sword
              (96 damage)
             ... in the Dungeon (Sprint VIII: "Arena of Blood").
             The game lasted 00:01:14 (30 turns).

adelrune the Plane Walker (Spriggan Warper)           Turns: 30, Time: 00:01:15

Health: -4/132     AC:  2    Str:  7    XL:     19   Next: 26%
Magic:  10/51      EV: 43    Int: 16    God:    Makhleb [******]
Gold:   0          SH:  0    Dex: 21    Spells: 72/72 levels left

rFire   . . .        j - +∞ Axe of Woe
rCold   . . .        (shield currently unavailable)
rNeg    . . .        b - +0 robe
rPois   .            (helmet restricted)
rElec   .            (no cloak)
rCorr   .            (gloves unavailable)
SInv    +            (boots unavailable)
Will    +++..        (no amulet)
Stlth   ++           (no ring)
HPRegen 0.42/turn    (no ring)
MPRegen 0.32/turn

%: no teleportation
@: very quick
A: very small, no large weapons, unfitting armour, see invisible, speed 3
a: Renounce Religion, Minor Destruction, Lesser Servant of Makhleb, Major
Destruction, Greater Servant of Makhleb


You were in the Dungeon.
You worshipped Makhleb.
Makhleb was exalted by your worship.
You visited 1 branch

Inventory:

Hand Weapons
 a - a +0 hand axe
 j - the +∞ Axe of Woe (weapon)
   (You found it in the Dungeon)
Missiles
 d - 7 darts of dispersal (quivered)
Armour
 b - a +0 robe (worn)
Scrolls
 c - a scroll of blinking
Potions
 e - a potion of curing
 f - a potion of heal wounds
 g - a potion of haste
 h - 2 potions of magic
 i - a potion of berserk rage


   Skills:
 O Level 27 Fighting
 O Level 27 Axes
 O Level 27 Throwing
 O Level 27 Dodging
 O Level 27 Spellcasting
 O Level 27 Translocations


You had 72 spell levels left.
You didn't know any spells.
Your spell library contained the following spells:

 Spells                   Type           Power      Damage    Failure   Level
 Blink                    Tloc           100%       N/A       0%          2
 Lesser Beckoning         Tloc           100%       N/A       0%          2
 Teleport Other           Tloc           82%        N/A       0%          3
 Manifold Assault         Tloc           82%        N/A       0%          4
 Vhi's Electric Charge    Tloc/Air       100%       N/A       1%          4


Dungeon Overview and Level Annotations

Branches:
Dungeon (1/1)

Altars:
Makhleb


Innate Abilities, Weirdness & Mutations

You are very small and have problems with some larger weapons.
You are too small for most types of armour.
You have supernaturally acute eyesight. (SInv)
You cover ground extremely quickly. (Speed+++)


Message History

The bag of meat shouts! x3
You slice the meat berserker!!
You hew the meat berserker violently.
You kill the meat berserker!
Makhleb accepts your kill.
You slice the bag of meat!!
You dissect the bag of meat like a pig carcass.
You kill the bag of meat!
Makhleb accepts your kill.
You hit the destroyer.
You hew the destroyer violently.
You destroy the destroyer!
Makhleb accepts your kill.
You slash the large bag of meat!
Flame seeps out of the large bag of meat.
You fatally mangle the large bag of meat.
Makhleb accepts your kill.
You hit the bag of meat but do no damage.
You hew the bag of meat violently.
You kill the bag of meat!
Makhleb accepts your kill.
The large bag of meat explodes!
The fiery explosion engulfs the bag of meat!!! x2
The fiery explosion engulfs the bag of meat!!
The fiery explosion engulfs the destroyer!!
The fiery explosion engulfs you!!
The sculptor of flesh appears out of thin air!
A sculptor of flesh comes into view. It is wielding a +9 great sword.
You are engulfed in blazing flames.
You hear a shout!
You have mastered Throwing!
You have reached level 19!
A bag of meat comes into view. It is wielding a +9 war axe.
The sculptor of flesh appears out of thin air!
A sculptor of flesh comes into view. It is wielding a +9 great sword.
A bag of meat comes into view. It is wielding a +9 war axe.
The bag of meat is engulfed in blazing flames.
The bag of meat hits you with a +9 war axe.
The destroyer is engulfed in blazing flames.
The destroyer hits you with a +9 heavy great sword!!!!
Ouch! That really hurt!
You die...

#### ### ###.... .=. ..
....... .. .. ......##.#
o## ........ ... .
####.....##.##...
......§§Vo......o
....#....oooo@.#.#.o
o..#..o.oooz)o§o..o.
###O..#....oo.........
##..o..O#.o............
. ......o.ooo.....z.....
.o.#.....oOoo........o..
o..o#.o..o.o.#.......#..
...Oo.)#)o.o.#...o...#..
#.)))o.###.......###.


You could see a destroyer, 2 sculptors of flesh, a meat berserker (berserk) and
29 bags of meat.

Vanquished Creatures
  2 vampire knights (D)
  7 ogres (D)
  A two-headed ogre (D)
  20 orcs (D)
30 creatures vanquished.

Notes
Turn   | Place    | Note
-------+----------+-------------------------------------------
     0 | D        | Found the +∞ Axe of Woe
     0 | D        | adelrune the Spriggan Warper began the quest for the Orb.
     0 | D        | Reached XP level 1. HP: 10/10 MP: 5/5
     2 | D        | Noticed a meat berserker
     4 | D        | Became a worshipper of Makhleb the Destroyer
     4 | D        | Noticed a meat berserker
     5 | D        | Killed a meat berserker
     5 | D        | Noticed a meat berserker
     6 | D        | Reached XP level 2. HP: 23/23 MP: 5/18
     6 | D        | Reached XP level 3. HP: 26/26 MP: 5/20
     6 | D        | Reached XP level 4. HP: 31/31 MP: 5/21
     6 | D        | Reached XP level 5. HP: 35/35 MP: 5/23
     6 | D        | Reached XP level 6. HP: 39/39 MP: 5/24
     6 | D        | Reached XP level 7. HP: 44/44 MP: 5/26
     6 | D        | Reached XP level 8. HP: 48/48 MP: 5/27
     6 | D        | Reached XP level 9. HP: 52/52 MP: 5/28
     6 | D        | Reached XP level 10. HP: 57/57 MP: 5/29
     6 | D        | Reached XP level 11. HP: 60/60 MP: 5/30
     6 | D        | Killed a meat berserker
     6 | D        | Reached * piety under Makhleb
     7 | D        | Reached skill level 10 in Fighting
     7 | D        | Reached skill level 10 in Axes
     7 | D        | Reached skill level 5 in Throwing
     7 | D        | Reached skill level 27 in Translocations
     7 | D        | Reached XP level 12. HP: 69/69 MP: 5/35
     7 | D        | Reached XP level 13. HP: 72/72 MP: 5/36
     7 | D        | Killed a meat berserker
     7 | D        | Noticed a bag of meat
     8 | D        | Noticed a bag of meat
     8 | D        | Noticed a bag of meat
     8 | D        | Noticed a bag of meat
     9 | D        | Noticed a bag of meat
     9 | D        | Noticed a bag of meat
    10 | D        | Noticed a bag of meat
    10 | D        | Noticed a meat berserker
    11 | D        | Noticed a bag of meat
    12 | D        | Noticed a meat berserker
    12 | D        | Noticed a bag of meat
    13 | D        | Noticed a bag of meat
    13 | D        | Noticed a bag of meat
    13 | D        | Noticed a bag of meat
    13 | D        | Noticed a bag of meat
    13 | D        | Noticed a bag of meat
    13 | D        | Noticed a bag of meat
    13 | D        | Noticed a bag of meat
    13 | D        | Noticed a bag of meat
    13 | D        | Noticed a bag of meat
    14 | D        | Noticed a large bag of meat
    14 | D        | Noticed a bag of meat
    14 | D        | Noticed a bag of meat
    14 | D        | Noticed a bag of meat
    15 | D        | Noticed a meat berserker
    15 | D        | Noticed a bag of meat
    16 | D        | Killed a bag of meat
    16 | D        | Noticed a bag of meat
    16 | D        | Noticed a bag of meat
    17 | D        | Reached XP level 14. HP: 56/81 MP: 7/40
    17 | D        | Killed a meat berserker
    17 | D        | Reached ** piety under Makhleb
    17 | D        | Killed a bag of meat
    17 | D        | Killed a meat berserker
    17 | D        | Noticed a bag of meat
    17 | D        | Noticed a bag of meat
    18 | D        | Reached skill level 15 in Fighting
    18 | D        | Reached skill level 27 in Dodging
    18 | D        | Reached XP level 15. HP: 91/91 MP: 7/46
    18 | D        | Noticed a destroyer
    19 | D        | Killed a destroyer
    19 | D        | Reached *** piety under Makhleb
    19 | D        | Noticed a meat berserker
    20 | D        | Reached skill level 27 in Spellcasting
    20 | D        | Killed a meat berserker
    21 | D        | Reached skill level 10 in Throwing
    21 | D        | Reached XP level 16. HP: 102/102 MP: 7/48
    21 | D        | Reached **** piety under Makhleb
    21 | D        | Noticed a meat berserker
    21 | D        | Noticed a meat berserker
    22 | D        | Noticed a meat berserker
    22 | D        | Reached ***** piety under Makhleb
    23 | D        | Reached XP level 17. HP: 116/116 MP: 8/49
    24 | D        | Noticed a large bag of meat
    24 | D        | Noticed a destroyer
    24 | D        | Noticed a meat berserker
    25 | D        | Noticed a destroyer
    26 | D        | Reached skill level 27 in Fighting
    26 | D        | Reached skill level 27 in Axes
    26 | D        | Reached ****** piety under Makhleb
    27 | D        | Reached XP level 18. HP: 127/127 MP: 9/50
    29 | D        | Killed a meat berserker
    29 | D        | Killed a destroyer
    29 | D        | Killed a large bag of meat
    30 | D        | Reached skill level 27 in Throwing
    30 | D        | Reached XP level 19. HP: 97/132 MP: 9/51
    30 | D        | Slain by a destroyer

Illustrated notes

Levels and vault maps discovered:
D:        meatsprint

Skill      XL: |  1  2  3  4  5  6  7  8  9 10 11 12 13 14 15 16 17 18 |
---------------+-------------------------------------------------------+-----
Fighting       | 8 10 12 15 19 24 27 | 27.0
Axes           | 8 10 12 16 20 25 27 | 27.0
Throwing       | 4 5 6 8 10 12 22 27 | 27.0
Dodging        | 17 21 25 27 | 27.0
Spellcasting   | 14 18 21 26 27 | 27.0
Translocations | 26 27 | 27.0

Action                     |  1- 3 |  4- 6 |  7- 9 | 10-12 | 13-15 | 16-18 | 19-21 || total
---------------------------+-------+-------+-------+-------+-------+-------+-------++-------
  Melee: Broad axe         |     1 |       |       |     1 |     5 |     7 |       ||    14
    Use: Scroll            |       |       |       |       |       |     1 |       ||     1
 Armour: Robe              |       |       |       |       |     1 |     3 |     2 ||     6
  Dodge: Dodged            |       |       |       |       |       |     1 |       ||     1

Table legend: (Time is in decaauts)
 A = Elapsed time spent in this place.
 B = Non-inter-level travel time spent in this place.
 C = Inter-level travel time spent in this place.
 D = Time resting spent in this place.
 E = Time spent auto-exploring this place.
 F = Levels seen in this place.
 G = Mean time per level.
                   A        B        C        D        E       F      G
               +--------+--------+--------+--------+--------+-----+--------+
         Total |     22 |     22 |      0 |      0 |      0 |   1 |   22.0 |
       Dungeon |     22 |     22 |      0 |      0 |      0 |   1 |   22.0 |
               +--------+--------+--------+--------+--------+-----+--------+

Top non-repeatable levels by time:
       D: 22 daAuts
